 Dungeon Crawl Stone Soup version 0.30-a0-250-g41c1d76940 (webtiles) character file.

Game seed: 4466425330261988701

158 Sobieck the Trooper (level 5, -7/55 HPs)
             Began as an Ogre Gladiator on Oct 12, 2022.
             Mangled by Terence
             ... wielding a +1 flail of protection
              (10 damage)
             ... on level 3 of the Dungeon.
             The game lasted 00:04:35 (2642 turns).

Sobieck the Trooper (Ogre Gladiator)                Turns: 2642, Time: 00:04:35

Health: -7/55      AC:  3    Str: 20    XL:     5   Next: 40%
Magic:  5/5        EV: 10    Int:  9    God:
Gold:   104        SH:  0    Dex: 10    Spells: 4/4 levels left

rFire   . . .      SeeInvis .    a - +0 flail {mace}
rCold   . . .      Faith    .    (no shield)
rNeg    . . .      Spirit   .    b - +0 robe
rPois   .          Reflect  .    c - +0 hat
rElec   .          Harm     .    (no cloak)
rCorr   .          Rampage  .    (gloves unavailable)
Will    .....                    (boots unavailable)
Stlth   +.........               (no amulet)
HPRegen 0.29/turn                (no ring)
MPRegen 0.09/turn                (no ring)

@: no status effects
A: large, unfitting armour, tough skin 1
a: no special abilities


You were on level 3 of the Dungeon.
You visited 1 branch of the dungeon, and saw 3 of its levels.

You collected 104 gold pieces.


Innate Abilities, Weirdness & Mutations

You are too large for most types of armour.
You have tough skin. (AC +1)


   Skills:
 + Level 4.5 Fighting
 * Level 4.0 Maces & Flails
 + Level 3.3 Throwing
 - Level 2.6 Dodging


You had 4 spell levels left.
You didn't know any spells.
Your spell library contained the following spells:

 Spells                   Type           Power      Damage    Failure   Level
 Shock                    Conj/Air       0%         1d3       38%         1
 Swiftness                Air            0%         N/A       77%         3
 Airstrike                Air            0%         2d(0-16)  99%         4

Inventory:

Hand Weapons
 a - a +0 flail (weapon) {mace}
Missiles
 d - 3 throwing nets {=f!fthrowing}
 e - a large rock {=fthrowing}
 m - 8 poisoned darts (quivered) {throwing}
 o - 7 stones {throwing}
Armour
 b - a +0 robe (worn)
 c - a +0 hat (worn)
 l - a +0 robe
   (You took it off Jessica on level 2 of the Dungeon)
Wands
 s - a wand of flame (15)
   (You took it off a hobgoblin on level 3 of the Dungeon)
Scrolls
 f - a scroll of teleportation {unknown}
 j - 2 scrolls of identify {unknown}
 n - 2 scrolls of poison {unknown}
 p - a scroll of magic mapping {unknown}
 q - a scroll of immolation {unknown}
Potions
 g - a potion of cancellation
 h - a potion of mutation {unknown}
 k - a potion of invisibility {unknown}
 r - a potion of brilliance {unknown}
 t - a potion of degeneration {unknown}

Dungeon Overview and Level Annotations

Branches:
Dungeon (3/15) Zot: 15306

Altars:
Trog

Annotations:
D:3 Terence

# . #.......(.#
+.........+
.........
.....(. .....
.(. #@# #@#
########.#
.......#.###
.###.......#
...........#
..##.......#####
................
..##...#.#.####
.......#.#.#


You could see Terence.


Message History

The bat hits you.
You sock the bat!
You kill the bat!
No target in view!
No target in view!
There is an open door here.
Found a stone staircase leading down.
Unknown command.
There is a stone staircase leading down here.
j - 2 scrolls labelled GOPHIC RYGI (gained 1)
You open the door.
Terence the Incautious comes into view.
He is wielding a +1 flail of protection and wearing a +3 ring mail of poison resistance.
Danger!
You throw a stone {throwing}. The stone {throwing} hits Terence.
Unknown command.
You throw a stone {throwing}.
The stone {throwing} hits Terence but does no damage.
Unknown command.
You throw a poisoned dart {throwing}.
The poisoned dart {throwing} hits Terence.
You throw a poisoned dart {throwing}.
The poisoned dart {throwing} barely misses Terence.
You throw a poisoned dart {throwing}.
The poisoned dart {throwing} hits Terence.
You throw a poisoned dart {throwing}.
The poisoned dart {throwing} closely misses Terence.
Terence screams, "I want your blood!"
Unknown command.
Unknown command.
You hit Terence. Terence barely misses you. x2
Unknown command.
You hit Terence. Terence barely misses you.
You hit Terence but do no damage.
Terence hits you with a +1 flail of protection!
Unknown command.
You hit Terence but do no damage.
Terence hits you with a +1 flail of protection!
Unknown command.
It was a potion of cancellation.
You feel magically purged.
Terence hits you with a +1 flail of protection!
* * * LOW HITPOINT WARNING * * *
Unknown command.
Okay, then.
Unknown command.
You feel better.
Terence shouts, "ATTACK!!!"
Terence misses you.
You feel better. Terence barely misses you.
Unknown command.
Unknown command.
You hit Terence but do no damage. You punch Terence, but do no damage.
Terence misses you.
You hit Terence.
Terence hits you with a +1 flail of protection.
Terence hits you with a +1 flail of protection!
Unknown command.
You hit Terence but do no damage.
Terence hits you with a +1 flail of protection!
* * * LOW HITPOINT WARNING * * *
Unknown command.
You hit Terence.
Terence hits you with a +1 flail of protection!
* * * LOW HITPOINT WARNING * * *
Unknown command.
You feel better. Terence misses you.
Unknown command.
Okay, then.
Unknown command.
You barely miss Terence.
Terence hits you with a +1 flail of protection.
* * * LOW HITPOINT WARNING * * *
You barely miss Terence. Terence barely misses you.
Unknown command.
You hit Terence but do no damage. Terence closely misses you.
Terence hits you with a +1 flail of protection!
* * * LOW HITPOINT WARNING * * *
Unknown command.
You hit Terence. Terence completely misses you.
You hit Terence but do no damage.
Terence hits you with a +1 flail of protection.
* * * LOW HITPOINT WARNING * * *
Unknown command.
You hit Terence but do no damage.
Terence hits you with a +1 flail of protection.
* * * LOW HITPOINT WARNING * * *
Unknown command.
You hit Terence. Terence closely misses you.
Unknown command.
You hit Terence but do no damage. Terence barely misses you.
Terence hits you with a +1 flail of protection.
* * * LOW HITPOINT WARNING * * *
Unknown command.
You hit Terence but do no damage.
Terence says, "You're history."
Terence closely misses you.
Okay, then.
Unknown command.
You closely miss Terence.
Terence hits you with a +1 flail of protection!
You die...

Skill      XL: |  1  2  3  4  5 |
---------------+----------------+-----
Fighting       | 3 4 |  4.5
Maces & Flails | 3 4 |  4.0
Throwing       | 3 |  3.3
Dodging        | |  2.6

Action                   |  1- 3 |  4- 6 || total
-------------------------+-------+-------++-------
Melee: Flail             |   108 |    92 ||   200
       Punch             |     1 |     1 ||     2
Throw: Stone             |     9 |    20 ||    29
       Dart              |       |     4 ||     4
  Use: Potion            |     2 |     4 ||     6
Armor: Robe              |    30 |    20 ||    50
Dodge: Dodged            |    69 |    67 ||   136

Levels and vault maps discovered:
D:1:      evilmike_arrival_rings, layout_basic
D:2:      layout_loops_ring, minmay_fractal_squares_gapless_5, uniq_jessica
D:3:      layout_loops_corners, trog_three_pillars_becter, uniq_terence,
          uniq_crazy_yiuf_cottage

Notes
Turn   | Place    | Note
-------+----------+-------------------------------------------
     0 | D:1      | Sobieck the Ogre Gladiator began the quest for the Orb.
     0 | D:1      | Reached XP level 1. HP: 22/22 MP: 1/1
   120 | D:1      | Reached skill level 3 in Fighting
   155 | D:1      | You pick up a book of Air and begin reading...
   155 | D:1      | You add the spells Shock, Swiftness and Airstrike to your
                  | library.
   267 | D:1      | Reached XP level 2. HP: 29/31 MP: 2/2
   323 | D:1      | Reached skill level 3 in Maces & Flails
   506 | D:1      | Reached XP level 3. HP: 37/37 MP: 3/3
   952 | D:1      | HP: 8/39 [gnoll/+0 flail (6)]
   959 | D:1      | Reached XP level 4. HP: 21/48 MP: 4/4
  1061 | D:1      | Reached skill level 4 in Fighting
  1125 | D:1      | Reached skill level 3 in Throwing
  1525 | D:2      | Noticed Jessica
  1534 | D:2      | Killed Jessica
  1535 | D:2      | Reached XP level 5. HP: 33/55 MP: 5/5
  2202 | D:3      | Found a bloodstained altar of Trog.
  2360 | D:3      | Reached skill level 4 in Maces & Flails
  2614 | D:3      | Noticed Terence
  2637 | D:3      | HP: 12/55 [Terence/+1 flail of protection (3)]
  2640 | D:3      | HP: 2/55 [Terence/+1 flail of protection (5)]
  2642 | D:3      | Mangled by Terence

Vanquished Creatures
  Jessica (D:2)
  4 gnolls
  3 adders
  2 worms (D:2)
  2 dart slugs (D:3)
  4 endoplasms
  A goblin (D:1)
  7 hobgoblins
  5 jackals (D:1)
  5 quokkas
  5 ball pythons
  5 bats
  3 frilled lizards (D:1)
  5 kobolds
  8 rats
60 creatures vanquished.

Table legend:
 A = Non-vault XP
 B = Vault XP
 C = Vault XP percentage of total XP
 D = Non-vault monster count
 E = Vault monster count
 F = Vault count percentage of total count
                 A         B        C        D         E       F
            +---------+---------+-------+---------+---------+-------
      Total |     183 |      44 |  19.4 |      57 |       3 |   5.0
            +---------+---------+-------+---------+---------+-------
        D:1 |     114 |       0 |   0.0 |      35 |       0 |   0.0
        D:2 |      49 |      44 |  47.3 |      13 |       3 |  18.8
        D:3 |      20 |       0 |   0.0 |       9 |       0 |   0.0
            +---------+---------+-------+---------+---------+-------

Illustrated notes

Table legend:
 A = Kills in this place as a percentage of kills in entire the game.
 B = Kills by you in this place as a percentage of kills by you in the entire game.
 C = Kills by friends in this place as a percentage of kills by friends in the entire game.
 D = Other kills in this place as a percentage of other kills in the entire game.
 E = Experience gained in this place as a percentage of experience gained in the entire game.
 F = Experience gained in this place divided by the number of levels of this place that you have seen.
                   A       B       C       D       E      F
               +-------+-------+-------+-------+-------+----------------------
         Total | 100.0 | 100.0 |   N/A |   N/A | 100.0 |  75.7
       Dungeon | 100.0 | 100.0 |   N/A |   N/A | 100.0 |  75.7
               +-------+-------+-------+-------+-------+----------------------

Table legend: (Time is in decaauts)
 A = Elapsed time spent in this place.
 B = Non-inter-level travel time spent in this place.
 C = Inter-level travel time spent in this place.
 D = Time resting spent in this place.
 E = Time spent auto-exploring this place.
 F = Levels seen in this place.
 G = Mean time per level.
                   A        B        C        D        E       F      G
               +--------+--------+--------+--------+--------+-----+--------+
         Total |   2692 |   2613 |     79 |    515 |   1593 |   3 |  897.3 |
       Dungeon |   2692 |   2613 |     79 |    515 |   1593 |   3 |  897.3 |
               +--------+--------+--------+--------+--------+-----+--------+

Top non-repeatable levels by time:
     D:1: 1204 daAuts
     D:2: 943 daAuts
     D:3: 544 daAuts
